 Seeded DCSS version 0.31-a0-544-gceb718ecc6 (webtiles) character file.

Game seed: 3826825538972431165 (custom seed)

98 innerfire43 the Ruffian (level 4, -2/32 HPs)
             Began as a Demonspawn Shapeshifter on Aug 15, 2023.
             Slain by a goblin
             ... wielding a +0 club
             ... led by Robin
              (3 damage)
             ... on level 2 of the Dungeon.
             The game lasted 00:01:34 (1235 turns).

innerfire43 the Ruffian (Demonspawn Shapeshifter)   Turns: 1235, Time: 00:01:35

Health: -2/32      AC:  4    Str: 17    XL:     4   Next: 44%
Magic:  4/4        EV: 12    Int: 13    God:
Gold:   229        SH:  4    Dex: 12    Spells: 3/3 levels left

rFire   + .          .
                       - Unarmed
rCold   . . .        (no shield)
rNeg    . . .        a - +0 animal skin
rPois   .            (helmet currently unavailable)
rElec   .            (cloak currently unavailable)
rCorr   .            (gloves currently unavailable)
SInv    .            (boots currently unavailable)
Will    .....        (no amulet)
Stlth   +            (no ring)
HPRegen 0.25/turn    (no ring)
MPRegen 0.09/turn

%: no passive effects
@: beast-form, studying Unarmed Combat
A: beast (slay +2), molten scales 1, condensation shield, horns 1, clever 1,
fire resistance 1
a: Begin Untransformation


You were on level 2 of the Dungeon.
You were a hulking beast.
You visited 1 branch of the dungeon, and saw 2 of its levels.

You collected 229 gold pieces.

Inventory:

Armour
 a - a +0 animal skin (worn)
Jewellery
 m - a ring of protection from cold
Talismans
 c - a beast talisman (active)
 d - a flux talisman
Scrolls
 e - a scroll of amnesia {unknown}
 f - 2 scrolls of vulnerability {unknown}
 h - a scroll of brand weapon {unknown}
 i - 2 scrolls of identify {unknown}
 j - 3 scrolls of noise {unknown}
 p - a scroll of torment {unknown}
Potions
 b - a potion of lignification
 g - a potion of mutation
 k - a potion of curing {unknown}
 l - a potion of enlightenment {unknown}
 n - a potion of brilliance {unknown}
 o - a potion of cancellation {unknown}


   Skills:
 - Level 1.0 Fighting
 - Level 1.7 Dodging
 * Level 4.7 Unarmed Combat
 * Level 3.6 Shapeshifting


You had 3 spell levels left.
You didn't know any spells.
Your spell library was empty.

Dungeon Overview and Level Annotations

Branches:
Dungeon (2/15)

Altars:

Annotations:
D:2 Robin


Innate Abilities, Weirdness & Mutations

You are a hulking beast.
Your limbs bulge with bestial killing power. (Slay +2)
You are partially covered in molten scales. (AC +2)
A meltable shield of frost defends you. (SH +4)
You have a pair of small horns on your head.
Your mind is acute. (Int +4, Str/Dex -1)
Your flesh is heat resistant. (rF+)


Message History

You hit the goblin but do no damage. Robin throws the goblin at you!
The goblin completely misses you. The goblin closely misses you. x2
You hit the goblin.
You kill the goblin!
The goblin hits you with a +0 club. You block the goblin's attack.
The goblin hits you with a +0 dagger.
You hit the goblin.
The goblin is heavily wounded.
The goblin hits you but does no damage. The goblin hits you with a +0 club.
The goblin misses you. The goblin closely misses you.
You block the goblin's attack.
You punch the goblin!
You kill the goblin!
The goblin no longer looks unusually strong.
Robin throws the goblin at you! The goblin hits you with a +0 club.
You block the goblin's attack. The goblin hits you with a +0 club.
The goblin closely misses you. You block the goblin's attack.
You hit the goblin.
You kill the goblin!
Robin roars a battlecry!
The goblin goes into a battle-frenzy!
You block the goblin's attack. The goblin closely misses you.
The goblin hits you with a +0 dagger.
* * * LOW HITPOINT WARNING * * *
You hit the goblin.
You kill the goblin!
The goblin closely misses you. The goblin hits you with a +0 club.
* * * LOW HITPOINT WARNING * * *
Unknown command.
Unknown command.
It was a potion of mutation.
You feel extremely strange. A pair of horns grows on your head!
You feel resistant to heat.
You feel clever.
The hobgoblin no longer looks unusually strong.
Robin throws the goblin at you! The goblin hits you with a +0 dagger.
* * * LOW HITPOINT WARNING * * *
The goblin hits you with a +0 club.
* * * LOW HITPOINT WARNING * * *
The goblin hits you with a +0 club.
You die...

#..........#........
#..........#........
#..........#........
####..........#........ .
#...รท.........#........ ...
#.............########.
.....###....gg.......#########
...$........ggg......##.....#
.)..<.....ggghg.#######.....##
............###.............'.
##.....###### ######........##
#..... #........# #.....
#.....#### #..... #.....#
#..... #.....# #.....# #.....#


You could see Robin, 4 hobgoblins and 4 goblins.

Vanquished Creatures
  Jessica (D:2)
  3 adders (D:2)
  A dart slug (D:1)
  4 bats
  6 endoplasms
  3 giant cockroaches (D:1)
  7 goblins
  A hobgoblin (D:1)
  2 jackals (D:2)
  2 kobolds (D:1)
  A quokka (D:2)
  2 ball pythons (D:1)
  A frilled lizard (D:1)
  4 rats (D:1)
38 creatures vanquished.

Notes
Turn   | Place    | Note
-------+----------+-------------------------------------------
     0 | D:1      | innerfire43 the Demonspawn Shapeshifter began the quest for
                  | the Orb.
     0 | D:1      | Reached XP level 1. HP: 15/15 MP: 1/1
    36 | D:1      | Identified a scroll of acquirement
    36 | D:1      | Acquired a manual of Unarmed Combat
   212 | D:1      | Reached skill level 3 in Unarmed Combat
   213 | D:1      | Gained mutation: A meltable shield of frost defends you.
                  | (SH +4) [demonic ancestry]
   213 | D:1      | Reached XP level 2. HP: 20/21 MP: 2/2
   692 | D:2      | Gained mutation: You are partially covered in molten
                  | scales. (AC +2) [demonic ancestry]
   692 | D:2      | Reached XP level 3. HP: 24/26 MP: 3/3
   881 | D:2      | Reached skill level 4 in Unarmed Combat
  1097 | D:2      | Noticed Jessica
  1104 | D:2      | Killed Jessica
  1105 | D:2      | Reached XP level 4. HP: 28/32 MP: 4/4
  1219 | D:2      | Noticed Robin
  1235 | D:2      | Gained mutation: You have a pair of small horns on your
                  | head. [potion of mutation]
  1235 | D:2      | Gained mutation: Your flesh is heat resistant. (rF+)
                  | [potion of mutation]
  1235 | D:2      | Gained mutation: Your mind is acute. (Int +4, Str/Dex -1)
                  | [potion of mutation]
  1235 | D:2      | HP: 1/32 [goblin/+0 club[Robin] (1)]
  1235 | D:2      | Slain by a goblin

Illustrated notes

Levels and vault maps discovered:
D:1:      roderic_crop_circles_arrival_large, layout_basic
D:2:      layout_basic, minmay_distorted, uniq_robin, uniq_jessica

Skill      XL: |  1  2  3 |
---------------+----------+-----
Unarmed Combat | 3 4 |  4.7
Shapeshifting  | 3 |  3.6
Fighting       | |  1.0
Dodging        | |  1.7

Action                     |  1- 3 |  4- 6 || total
---------------------------+-------+-------++-------
  Melee: Unarmed           |   104 |     8 ||   112
         Punch             |     1 |       ||     1
    Use: Scroll            |     1 |       ||     1
         Potion            |       |     1 ||     1
   Stab: Sleeping          |     2 |       ||     2
 Armour: Animal skin       |    19 |     7 ||    26
  Dodge: Dodged            |    51 |    15 ||    66
  Block: Other             |    11 |     9 ||    20

Table legend: (Time is in decaauts)
 A = Elapsed time spent in this place.
 B = Non-inter-level travel time spent in this place.
 C = Inter-level travel time spent in this place.
 D = Time resting spent in this place.
 E = Time spent auto-exploring this place.
 F = Levels seen in this place.
 G = Mean time per level.
                   A        B        C        D        E       F      G
               +--------+--------+--------+--------+--------+-----+--------+
         Total |   1227 |   1187 |     40 |      0 |    945 |   2 |  613.5 |
       Dungeon |   1227 |   1187 |     40 |      0 |    945 |   2 |  613.5 |
               +--------+--------+--------+--------+--------+-----+--------+

Top non-repeatable levels by time:
     D:1: 682 daAuts
     D:2: 544 daAuts
